cohdb
Replays
Latest Replays
All Replays
Popular Replays
Top Player Replays
Match Explorer
How It Works
Community
CoH3 Stats
Reddit
Sign in to upload your games and track your stats! →
Sign in with Steam
Match 41020889
Unlisted
Match 41020889
Overview
Messages
Build Orders
End
Panzerpioneer Squad
Panzergrenadier Squad
250 Light Carrier
Panzergrenadier Squad
Construct Light Support Kompanie
Panzerjäger Squad
Construct Mechanized Kompanie
Assault Mechanized Group
Support Armor Elements
Selects Armored Support Battlegroup
Selects Salvage Kits
Selects Superior Fire Drills
StuG III D Assault Gun
2.5-tonne Medical Truck
Veteran Squad Leaders
AzzTech1221
Dralicien
Stug Life
Khayyam
danceM
Barbar Jinks
0
0
Comments
sign in to comment!
No comments posted yet!